 Dungeon Crawl Stone Soup version 0.24-a0-397-g73b976d (webtiles) character file.

Game seed: 7862266350198642571

14205 pkoi the Spear-Bearer (level 11, -3/90 HPs)
             Began as a Minotaur Gladiator on June 4, 2019.
             Was a High Priest of Hepliaklqana.
             Slain by a salamander
             ... wielding a +2 bardiche of flaming
              (12 damage)
             ... in a volcano.
             The game lasted 00:25:27 (8746 turns).

pkoi the Spear-Bearer (Minotaur Gladiator)          Turns: 8746, Time: 00:25:28

Health: -3/90      AC: 13    Str: 21    XL:     11   Next: 85%
Magic:  16/16      EV: 16    Int:  5    God:    Hepliaklqana [*****.]
Gold:   651        SH:  0    Dex: 13    Spells: 10/10 levels left

rFire    + . .     SeeInvis .   a - +1 trident
rCold    . . .     Gourm    .   (no shield)
rNeg     . . .     Faith    .   o - +1 ring mail {rF+}
rPois    .         Spirit   .   c - +1 hat
rElec    .         Reflect  .   l - +0 cloak
rCorr    .         Harm     .   i - +0 pair of gloves
MR       .....                  F - +0 pair of boots
Stlth    +.........             n - amulet of regeneration
HPRegen  0.65/turn              (no ring)
MPRegen  0.15/turn              (no ring)

@: hasted, very quick
A: retaliatory headbutt, reduced essence, horns 2
a: Recall Ancestor, Ancestor Identity, Transference, Idealise, Renounce Religion


You were in a volcano.
You worshipped Hepliaklqana.
Hepliaklqana was extremely pleased with you.
You were not hungry.

You visited 2 branches of the dungeon, and saw 10 of its levels.
You also visited: Sewer and Volcano.

You collected 651 gold pieces.

Inventory:

Hand Weapons
 a - a +1 trident (weapon)
Missiles
 d - 4 throwing nets (quivered)
 g - 10 boomerangs
Armour
 c - a +1 hat (worn)
 i - a +0 pair of gloves (worn)
 l - a +0 cloak (worn)
 m - +0 steam dragon scales
 o - a +1 ring mail of fire resistance (worn)
 B - a +0 plate armour
 F - a +0 pair of boots (worn)
Jewellery
 n - an amulet of regeneration (around neck)
 x - an uncursed ring of fire
 L - a cursed -5 ring of slaying {unknown}
 M - a +6 ring of evasion {unknown}
Wands
 b - a wand of flame (22)
 A - a wand of polymorph (21)
 G - a wand of iceblast (7)
 H - a wand of disintegration (31)
 K - a wand of random effects (10)
Scrolls
 e - 5 scrolls of fear
 j - 6 scrolls of remove curse
 r - 5 scrolls of identify
 u - 3 scrolls of teleportation
 z - 2 scrolls of fog
 D - a scroll of enchant armour
 E - a scroll of summoning
Potions
 h - 2 potions of might
 p - a potion of haste
 s - 2 potions of curing
 t - 2 potions of heal wounds
Comestibles
 f - 17 rations
 C - 10 chunks of flesh


   Skills:
 + Level 10.3 Fighting
 + Level 12.2 Polearms
 - Level 2.0 Throwing
 + Level 9.8 Armour
 + Level 9.7 Dodging
 + Level 8.2 Invocations


You had 10 spell levels left.
You didn't know any spells.
Your spell library contained the following spells:

 Spells                   Type           Power        Failure   Level  Hunger
 Shock                    Conj/Air       #...         61%         1    ##.....
 Swiftness                Chrm/Air       #.......     75%         2    ###....
 Static Discharge         Conj/Air       #.......     93%         3    ####...
 Airstrike                Air            #.........   100%        4    #####..
 Lightning Bolt           Conj/Air       #.........   100%        5    ######.


Dungeon Overview and Level Annotations

Branches:
Dungeon (9/15)             Temple (0/1) D:6            Lair (1/6) D:8
    Orc: D:9-12

Altars:
Ashenzari
Fedhas
Gozag
Hepliaklqana
Makhleb
Nemelex Xobeh
Ru
Sif Muna
Trog
Yredelemnul
The Shining One

Annotations:
D:7 2 transporters, topirishpotato's ghost, novice SpAs


Innate Abilities, Weirdness & Mutations

You reflexively headbutt those who attack you in melee.
You have a pair of horns on your head.
Your life essence is reduced to manifest your ancestor. (-10% HP)


Message History

The salamander hits you but does no damage.
You puncture the salamander!
The salamander is almost dead.
You hit the salamander but do no damage.
The salamander is almost dead.
The salamander hits you with a +2 bardiche of flaming!
* * * LOW HITPOINT WARNING * * *
You are engulfed in flames!
You resist.
* * * LOW HITPOINT WARNING * * *
The salamander burns you.
* * * LOW HITPOINT WARNING * * *
You hit the salamander.
The salamander is almost dead.
You hit the salamander but do no damage.
The salamander is almost dead.
You barely miss the salamander.
You headbutt the salamander, but do no damage.
The salamander is almost dead.
The salamander hits you with a +2 bardiche of flaming!
You die...

#§§≈≈...♣♣♣≈§≈≈≈§§§≈§≈≈§§ .##
#≈§§P..♣♣≈°≈§§≈≈≈§≈≈§§§≈≈
P.P.♣≈§....§≈○○§§≈≈§♣.P.♣P§≈≈
#..§P§♣P.♣≈≈≈≈≈≈§≈≈§....P.§≈≈
#P§.≈..P..≈≈≈≈≈≈P.P.P...P.P≈
#♣P≈§P..P♣.≈≈≈≈♣....♣P.♣♣..♣
≈§§§§≈§P....♣...P..P≈P...♣...
°≈≈≈≈≈≈§♣..P..♣..P♣≈§≈≈.♣♣.P. #≈§
≈§≈≈≈≈§≈♣♣.N@...P♣♣≈≈§.P..... §≈§
≈≈≈≈§≈○≈§♣♣P.♣P♣♣♣≈§§♣.§..♣.. ≈≈≈
§≈≈≈≈°≈§§§♣♣♣♣♣♣°≈§§≈.).§..P. §§≈
♣♣♣♣♣♣♣≈§≈≈§§§≈≈§§§§P.§.♣♣...
≈§§♣♣♣♣♣P.♣♣§≈≈§§§≈§☼≈≈§♣...♣♣♣♣♣
°§♣.P.♣...P..≈♣≈≈≈≈§≈§≈≈♣.♣..♣♣♣♣
§P..÷..P♣..÷♣.♣♣≈§§°≈≈≈≈♣........
♣§P.♣......P.÷.♣.P♣≈≈§≈♣♣♣♣♣....♣
PP.P.P.♣♣♣..P♣.....P.♣♣♣.P♣♣♣♣..P


You could see a salamander (berserk).

Vanquished Creatures
  A fire dragon (Volcano)
  A two-headed ogre (Volcano)
  Pikel (D:6)
  2 salamanders (Volcano)
  A deep elf mage (D:9)
  Joseph (D:8)
  A spiny frog (Lair:1)
  A hornet (D:9)
  3 hippogriffs
  6 yaks (Lair:1)
  7 wyverns
  3 fire bats (Volcano)
  3 steam dragons (Volcano)
  A hungry ghost (D:8)
  2 hell hounds (Lair:1)
  A sky beast (D:9)
  2 ice beasts (D:9)
  A black bear (D:9)
  A necrophage (D:6)
  4 phantoms
  2 ogres
  3 centaurs
  2 big kobolds
  2 bullfrogs
  4 scorpions
  9 killer bees
  A howler monkey (D:9)
  2 centaur zombies
  2 crimson imps
  2 bullfrog zombies
  5 hounds
  2 bullfrog skeletons
  A jelly (D:8)
  A centaur skeleton (D:7)
  3 orc priests
  8 orc wizards
  4 iguanas
  Terence (D:2)
  4 worker ants
  A killer bee zombie (D:5)
  3 hound skeletons
  A worker ant zombie (D:5)
  5 adders
  7 gnolls
  A river rat (Sewer)
  A shadow imp (D:9)
  An ooze (D:2)
  2 adder zombies
  2 adder skeletons (D:5)
  2 worms
  2 dart slugs (D:1)
  6 leopard geckos
  31 orcs
  3 ball pythons
  5 giant cockroaches
  16 hobgoblins
  15 jackals
  2 quokkas
  5 bats
  14 frilled lizards
  26 goblins
  13 kobolds
  12 rats
277 creatures vanquished.

Vanquished Creatures (collateral kills)
  2 two-headed ogres
  A troll (D:9)
  2 fire bats (Volcano)
  3 wyverns (Volcano)
  2 sky beasts
  2 ogres
  A black bear (D:8)
  An orc warrior (D:6)
  A crocodile (Volcano)
  3 big kobolds
  6 scorpions
  A killer bee (D:8)
  A crimson imp (D:5)
  3 hounds
  A quasit (D:6)
  An orc priest (D:6)
  An iguana (D:7)
  A worker ant (D:9)
  3 orc wizards
  2 hound skeletons
  2 gnolls (D:6)
  An adder (D:5)
  A river rat (Sewer)
  A dart slug (D:3)
  A leopard gecko (D:3)
  10 orcs
  A ball python (Sewer)
  2 giant cockroaches
  9 goblins
  2 hobgoblins (D:6)
  4 jackals
  4 kobolds
  A quokka (D:8)
  2 rats (Sewer)
79 creatures vanquished.

Vanquished Creatures (others)
  2 steam dragons (Volcano)
  A slave (D:6)
  6 knights
  2 ancestors
  3 hobgoblins (D:6)
  2 fungi (Lair:1)
  19 plants (Volcano)
35 creatures vanquished.

Grand Total: 391 creatures vanquished

Notes
Turn   | Place    | Note
-------+----------+-------------------------------------------
     0 | D:1      | pkoi the Minotaur Gladiator began the quest for the Orb.
     0 | D:1      | Reached XP level 1. HP: 18/18 MP: 0/0
    80 | D:1      | Reached skill level 4 in Polearms
    90 | D:1      | Reached XP level 2. HP: 18/25 MP: 1/1
   652 | D:1      | Reached skill level 5 in Polearms
   761 | D:1      | Reached XP level 3. HP: 30/30 MP: 2/2
   895 | D:2      | Noticed Terence
   910 | D:2      | Killed Terence
  1094 | D:2      | Reached skill level 6 in Polearms
  1094 | D:2      | Reached XP level 4. HP: 37/37 MP: 3/3
  1380 | D:2      | Found an opulent altar of Gozag.
  1388 | D:2      | Found a hazy altar of Hepliaklqana.
  1391 | D:2      | Found a basalt altar of Yredelemnul.
  1392 | D:2      | Found a shattered altar of Ashenzari.
  1394 | D:2      | Found a blossoming altar of Fedhas.
  1401 | D:2      | Became a worshipper of Hepliaklqana the Forgotten
  1988 | D:3      | You fall into a shaft and drop 2 floors!
  1988 | D:5      | Entered Level 5 of the Dungeon
  2056 | D:4      | Reached XP level 5. HP: 22/37 MP: 4/4
  2066 | D:4      | Reached skill level 7 in Polearms
  2093 | D:4      | Reached * piety under Hepliaklqana
  2102 | D:4      | Noticed a phantom
  2196 | D:3      | Found a glowing drain.
  2225 | Sewer    | Entered a sewer
  2870 | D:4      | Reached XP level 6. HP: 34/45 MP: 5/5
  2943 | D:5      | Reached skill level 8 in Polearms
  2943 | D:5      | Reached skill level 1 in Armour
  2943 | D:5      | Reached skill level 1 in Invocations
  2960 | D:5      | Reached ** piety under Hepliaklqana
  2961 | D:5      | Remembered your ancestor Akiya as a knight
  3044 | D:5      | Reached XP level 7. HP: 51/51 MP: 7/7
  3397 | D:5      | Reached XP level 8. HP: 60/60 MP: 9/9
  3581 | D:5      | Found a sacrificial altar of Ru.
  3770 | D:4      | Reached skill level 5 in Dodging
  3902 | D:4      | You fall into a shaft and drop 2 floors!
  4142 | D:6      | Reached skill level 5 in Fighting
  4142 | D:6      | Reached skill level 9 in Polearms
  4661 | D:6      | Found a staircase to the Ecumenical Temple.
  4966 | D:6      | Found a sparkling altar of Nemelex Xobeh.
  4976 | D:6      | Reached *** piety under Hepliaklqana
  5025 | D:6      | Reached skill level 5 in Armour
  5176 | D:6      | Found a burning altar of Makhleb.
  5296 | D:6      | Noticed Pikel
  5308 | D:6      | Killed Pikel
  5308 | D:6      | Reached XP level 9. HP: 53/69 MP: 11/11
  5656 | D:7      | Found a glowing golden altar of the Shining One.
  5662 | D:7      | Reached skill level 10 in Polearms
  5662 | D:7      | Reached skill level 5 in Invocations
  5760 | D:7      | Found a transporter.
  5770 | D:7      | Found a transporter.
  5770 | D:7      | Noticed a moth of wrath
  5891 | D:7      | Found a bloodstained altar of Trog.
  5896 | D:7      | Noticed topirishpotato's ghost (novice SpAs)
  6299 | D:7      | Reached **** piety under Hepliaklqana
  6345 | D:7      | You fall into a shaft and drop 1 floor!
  6576 | D:8      | Found a staircase to the Lair.
  6686 | D:8      | Found a bloodstained altar of Trog.
  6731 | D:8      | Reached XP level 10. HP: 76/77 MP: 13/13
  6809 | D:8      | Noticed Joseph
  6833 | D:8      | Killed Joseph
  6917 | D:8      | Noticed a two-headed ogre
  6924 | D:8      | Killed a two-headed ogre
  7286 | D:9      | Reached skill level 11 in Polearms
  7589 | D:9      | Noticed a deep elf mage
  7605 | D:9      | Killed a deep elf mage
  7809 | D:9      | Found a deep blue altar of Sif Muna.
  7832 | D:9      | Noticed a two-headed ogre
  7930 | Lair:1   | Entered Level 1 of the Lair of Beasts
  7960 | Lair:1   | Reached XP level 11. HP: 87/87 MP: 15/15
  8080 | Lair:1   | Found a dark tunnel.
  8122 | Volcano  | Entered a volcano
  8209 | Volcano  | HP: 4/87 [steam dragon/ball of steam (6)]
  8512 | Volcano  | Noticed a two-headed ogre
  8562 | Volcano  | Killed a two-headed ogre
  8562 | Volcano  | Reached skill level 12 in Polearms
  8567 | Volcano  | Reached skill level 10 in Fighting
  8655 | Volcano  | Noticed a two-headed ogre
  8656 | Volcano  | Reached ***** piety under Hepliaklqana
  8662 | Volcano  | Killed a two-headed ogre
  8696 | Volcano  | Noticed a fire dragon
  8722 | Volcano  | Killed a fire dragon
  8746 | Volcano  | Slain by a salamander

Levels and vault maps discovered:
D:1:      ebering_hopf_link, layout_basic, st_stairs_9, minmay_tetromino_i4
D:2:      layout_basic, minitemple, chequers_serial_rivers_room_a,
          chequers_hall_statues_y, uniq_terence
D:3:      layout_rooms, portal_sewer_entry_f
D:4:      layout_basic
D:5:      cheibrodos_barr_body, layout_basic, nicolae_ru_awakened_eye,
          first_ration, kennysheep_minor_cross
D:6:      minmay_goblin_kobold_castle, layout_loops_cross,
          makhleb_blood_cavern_becter, minmay_temple_entry_poolview,
          nemelex_xobeh_ov_fountains_minmay, uniq_pikel
D:7:      layout_layer_cave, kennysheep_mini_moat, old_standard_altar,
          gammafunk_ghost_wrathful_warriors, nrook_pool_corridor
D:8:      layout_loops_ring, lemuel_crystal_altar, lair_entry_dummy, uniq_joseph
D:9:      minmay_recursive_quarters, layout_loops_cross, lemuel_doored_altar,
          serial_shops, nicolae_shop_trees, minmay_bent
Lair:1:   layout_regular_city, enter_volcano_3, ldierk_geyser,
          infiniplex_staircase_pool_2, uniq_fannar
Volcano:  pf_volcano_lost_world

Skill      XL: |  1  2  3  4  5  6  7  8  9 10 11 |
---------------+----------------------------------+-----
Polearms       | 4 5 6 7 8 9 10 11 12 | 12.2
Armour         | 2 3 5 6 8 9 |  9.8
Invocations    | 1 2 4 5 7 8 |  8.2
Fighting       | 3 4 6 7 9 10 | 10.3
Dodging        | 4 6 7 8 9 |  9.7
Throwing       | |  2.0

Action                   |  1- 3 |  4- 6 |  7- 9 | 10-12 || total
-------------------------+-------+-------+-------+-------++-------
Melee: Trident           |    84 |   164 |   415 |   390 ||  1053
       Headbutt          |    10 |    14 |    63 |    84 ||   171
Invok: Ancestor Life: Kn |       |     1 |       |       ||     1
       Recall Ancestor   |       |       |     2 |     2 ||     4
       Transference      |       |       |       |     1 ||     1
  Use: Scroll            |     4 |       |       |    10 ||    14
       Potion            |     1 |       |       |     7 ||     8
 Stab: Distracted        |       |     1 |     3 |     1 ||     5
  Eat: Chunk             |     1 |     6 |    14 |     7 ||    28
Armor: Leather armour    |    15 |       |       |       ||    15
       Ring mail         |     1 |    33 |    39 |    28 ||   101
       Plate armour      |       |       |   104 |   110 ||   214
Dodge: Dodged            |    39 |    52 |   134 |   166 ||   391

Table legend:
 A = Non-vault XP
 B = Vault XP
 C = Vault XP percentage of total XP
 D = Non-vault monster count
 E = Vault monster count
 F = Vault count percentage of total count
                 A         B        C        D         E       F
            +---------+---------+-------+---------+---------+-------
      Total |    9376 |   10917 |  53.8 |     226 |     132 |  36.9
            +---------+---------+-------+---------+---------+-------
        D:1 |      39 |       7 |  15.2 |      23 |       5 |  17.9
        D:2 |      51 |      36 |  41.4 |      18 |       1 |   5.3
        D:3 |      72 |      11 |  13.3 |      25 |       4 |  13.8
        D:4 |     248 |       0 |   0.0 |       7 |       0 |   0.0
        D:5 |     606 |     481 |  44.3 |      24 |      14 |  36.8
        D:6 |     978 |    1193 |  55.0 |      39 |      50 |  56.2
        D:7 |     680 |       0 |   0.0 |      23 |       0 |   0.0
        D:8 |    2605 |     493 |  15.9 |      31 |       1 |   3.1
        D:9 |    2190 |    1209 |  35.6 |      28 |      12 |  30.0
     Lair:1 |    1907 |     290 |  13.2 |       8 |       2 |  20.0
      Sewer |       0 |      55 | 100.0 |       0 |      18 | 100.0
    Volcano |       0 |    7142 | 100.0 |       0 |      25 | 100.0
            +---------+---------+-------+---------+---------+-------
